AoeStats
← theo.bres

Arabia

510047787Analyzed
1v1 RM · 2d ago on Sep 29, 2026· 38m 33s· 2 players
Game mode
Random Map
Map size
Tiny (2 player)
Population
200
Speed
Normal
Resources
Standard
Victory
Conquest
Starting age
Dark Age
Ending age
Imperial Age
RankedLock teamsTeams togetherTeam positionsShared explorationLock speedFull tech treeHidden civsTurbo modeCheats
Victory
Defeat
🇭🇺 Khmer · Hungary
1323
+16
🇫🇷 Lithuanians · France
1320
-16
theo.bres
7:03 Loom
9:04 Feudal Age
9:52 Double-Bit Axe
20:03 Castle Age
20:39 Horse Collar
21:49 Wheelbarrow
22:26 Bloodlines
23:30 Pikeman
30:08 Hand Cart
Marcifer
6:15 Loom
8:54 Feudal Age
9:22 Double-Bit Axe
14:28 Wheelbarrow
15:30 Forging
15:25 Scale Barding Armor
20:42 Castle Age
19:09 Bloodlines
19:19 Town Watch
20:15 Horse Collar
20:27 Gold Mining
20:36 Fletching
21:46 Husbandry
22:44 Iron Casting
22:35 Bow Saw
22:29 Heavy Plow
23:18 Chain Barding Armor
27:58 Hand Cart
38:00 Imperial Age
Connection lost

Rejoining the realm…

Still unreachable

The connection could not be restored.

Session expired

The server has moved on; the page needs a fresh start.